 Dungeon Crawl Stone Soup version 0.29.1-2-gbd0b4ee654 (webtiles) character file.

Game seed: 322486028713616020

494 Peloso the Slasher (level 6, -6/55 HPs)
             Began as a Minotaur Fighter on Nov 30, 2022.
             Mangled by a mummy (14 damage)
             ... in an ossuary.
             The game lasted 00:03:56 (2018 turns).

Peloso the Slasher (Minotaur Fighter)               Turns: 2018, Time: 00:03:57

Health: -6/55      AC:  7    Str: 20    XL:     6   Next: 92%
Magic:  5/5        EV:  9    Int:  5    God:
Gold:   161        SH:  6    Dex: 12    Spells: 5/5 levels left

rFire   . . .      SeeInvis .   a - +0 long sword
rCold   . . .      Faith    .   c - +1 buckler
rNeg    . . .      Spirit   .   b - +0 scale mail
rPois   .          Reflect  .   (helmet restricted)
rElec   .          Harm     .   (no cloak)
rCorr   .          Rampage  .   (no gloves)
Will    .....                   (no boots)
Stlth   ..........              (no amulet)
HPRegen 0.18/turn               (no ring)
MPRegen 0.09/turn               (no ring)

@: flying
A: horns 2, retaliatory headbutt
a: no special abilities


You were in an ossuary.
You visited 1 branch of the dungeon, and saw 5 of its levels.
You also visited: Ossuary.

You collected 161 gold pieces.

Inventory:

Hand Weapons
 a - a +0 long sword (weapon)
Armour
 b - a +0 scale mail (worn)
 c - a +1 buckler (worn)
Jewellery
 p - an amulet of faith
Scrolls
 f - 3 scrolls of teleportation
 i - a scroll of torment {unknown}
 j - a scroll of brand weapon {unknown}
 l - 3 scrolls of identify {unknown}
 m - 2 scrolls of immolation {unknown}
 o - a scroll of vulnerability {unknown}
Potions
 d - a potion of might
 e - a potion of degeneration {unknown}
 g - a potion of ambrosia {unknown}
 h - 2 potions of curing {unknown}
 k - a potion of heal wounds {unknown}
 n - a potion of flight


   Skills:
 + Level 4.8 Fighting
 + Level 6.2 Long Blades
 + Level 5.8 Armour
 + Level 1.5 Dodging
 + Level 0.4 Stealth
 + Level 4.3 Shields


You had 5 spell levels left.
You didn't know any spells.
Your spell library contained the following spells:

 Spells                   Type           Power      Damage    Failure   Level
 Call Canine Familiar     Summ           0%         N/A       99%         3
 Portal Projectile        Hex/Tloc       0%         N/A       99%         3
 Leda's Liquefaction      Hex/Erth       0%         N/A       100%        4
 Summon Ice Beast         Ice/Summ       0%         N/A       100%        4
 Summon Mana Viper        Hex/Summ       0%         N/A       100%        5
 Monstrous Menagerie      Summ           0%         N/A       100%        7


Dungeon Overview and Level Annotations

Branches:
Dungeon (6/15)             Temple (0/1) D:5         Ossuary (1/1)

Altars:
Kikubaaqudgha


Innate Abilities, Weirdness & Mutations

You have a pair of horns on your head.
You reflexively headbutt those who attack you in melee.


Message History

Unknown command.
You hit the hobgoblin zombie.
The hobgoblin zombie is severely damaged.
You block the hobgoblin zombie's attack.
You barely miss the hobgoblin zombie.
The hobgoblin zombie is severely damaged.
You block the hobgoblin zombie's attack.
You hit the hobgoblin zombie.
Your headbutt misses the hobgoblin zombie.
The hobgoblin zombie is almost destroyed.
You hit the hobgoblin zombie.
You destroy the hobgoblin zombie!
You slash the mummy!
You headbutt the mummy, but do no damage.
The mummy is moderately damaged.
You block the mummy's attack. The mummy hits you!
You hit the mummy but do no damage.
You headbutt the mummy, but do no damage.
The mummy is moderately damaged.
The mummy hits you!
You barely miss the mummy.
The mummy is moderately damaged.
The mummy hits you!
You hit the mummy but do no damage. You headbutt the mummy!
The mummy is severely damaged.
The mummy hits you. The mummy closely misses you.
You hit the mummy.
The mummy is almost destroyed.
The mummy hits you but does no damage.
You barely miss the mummy.
The mummy is almost destroyed.
The mummy hits you!
* * * LOW HITPOINT WARNING * * *
You hit the mummy.
You destroy the mummy!
You block the mummy's attack.
It was a potion of flight.
You feel very buoyant.
You fly up into the air.
The mummy hits you!
You die...

#....#
#....#
#....#
#....#
#....#
#....#
#....#
#..M.#
#.∩∩@#
######


You could see a mummy.

Vanquished Creatures
  Sigmund (D:2)
  An ice beast (D:5)
  A hound (D:3)
  A jelly (D:5)
  2 iguanas (D:6)
  2 orc wizards (D:5)
  A mummy (Ossuary)
  An adder (D:5)
  2 worms (D:2)
  4 dart slugs
  5 orcs (D:5)
  2 endoplasms (D:2)
  2 giant cockroaches
  4 goblins
  6 hobgoblins
  7 kobolds
  A quokka (D:1)
  5 ball pythons
  7 bats
  A frilled lizard (D:2)
  4 hobgoblin zombies (Ossuary)
  A kobold zombie (Ossuary)
  2 orc zombies (Ossuary)
  A rat (D:1)
64 creatures vanquished.

Notes
Turn   | Place    | Note
-------+----------+-------------------------------------------
     0 | D:1      | Peloso the Minotaur Fighter began the quest for the Orb.
     0 | D:1      | Reached XP level 1. HP: 19/19 MP: 0/0
    10 | D:1      | Found a faded altar of an unknown god.
    77 | D:1      | Reached XP level 2. HP: 27/27 MP: 1/1
   162 | D:1      | Reached skill level 3 in Long Blades
   501 | D:2      | Reached XP level 3. HP: 30/33 MP: 2/2
   760 | D:2      | Noticed Sigmund
   765 | D:2      | Killed Sigmund
   766 | D:2      | Reached skill level 4 in Long Blades
   766 | D:2      | Reached skill level 5 in Armour
   766 | D:2      | Reached skill level 1 in Dodging
   766 | D:2      | Reached XP level 4. HP: 32/40 MP: 3/3
   766 | D:2      | Reached XP level 5. HP: 37/46 MP: 4/4
  1217 | D:3      | Reached skill level 5 in Long Blades
  1317 | D:3      | Found an ancient bone altar of Kikubaaqudgha.
  1563 | D:3      | You fall into a shaft and drop 3 floors!
  1572 | D:6      | Reached XP level 6. HP: 53/53 MP: 5/5
  1635 | D:5      | Entered Level 5 of the Dungeon
  1780 | D:5      | Found a staircase to the Ecumenical Temple.
  1780 | D:5      | Noticed an ice beast
  1793 | D:5      | Killed an ice beast
  1885 | D:5      | Reached skill level 6 in Long Blades
  1947 | D:5      | Found a sand-covered staircase.
  1954 | Ossuary  | Entered an ossuary
  2018 | Ossuary  | Mangled by a mummy

Illustrated notes

Levels and vault maps discovered:
D:1:      lightli_molten_gateway, layout_rooms,
          ebering_ecumenical_altar_petrified
D:2:      layout_basic, uniq_sigmund
D:3:      layout_basic, mainiacjoe_overflow_24_doors, kennysheep_generic_room_10
D:5:      layout_loops_ring, minmay_temple_entry_grid, enter_ossuary_4,
          roderic_serpentine_path, minmay_curled_crystal
D:6:      layout_rooms, fedhas_bush_and_centaur_altar
Ossuary:  ossuary_tomb_3

Skill      XL: |  1  2  3  4  5  6 |
---------------+-------------------+-----
Long Blades    | 3 4 5 6 |  6.2
Armour         | 4 5 |  5.8
Shields        | 4 |  4.3
Fighting       | 4 |  4.8
Dodging        | 1 |  1.5
Stealth        | |  0.4

Action                   |  1- 3 |  4- 6 || total
-------------------------+-------+-------++-------
Melee: Long sword        |    67 |    95 ||   162
       Headbutt          |    11 |    18 ||    29
  Use: Potion            |     1 |     1 ||     2
       Scroll            |       |     3 ||     3
Armor: Scale mail        |    45 |    36 ||    81
Dodge: Dodged            |    34 |    29 ||    63
Block: Buckler           |    20 |    24 ||    44
